 Dungeon Crawl Stone Soup version 0.27-a0-1557-g57f10a385c (webtiles) character file.

Game seed: 16840785452471129088

1 WhiteRaven the Caller (level 1, -7/10 HPs)
             Began as a Deep Elf Summoner on July 15, 2021.
             Mangled by a worm (10 damage)
             ... on level 3 of the Dungeon.
             The game lasted 00:04:12 (234 turns).

WhiteRaven the Caller (Deep Elf Summoner)            Turns: 234, Time: 00:04:12

Health: -7/10      AC:  2    Str:  5    XL:     1   Next: 16%
Magic:  5/6        EV: 12    Int: 19    God:
Gold:   0          SH:  0    Dex: 15    Spells: 5/6 levels left

rFire    . . .     SeeInvis .   (no weapon)
rCold    . . .     Faith    .   (no shield)
rNeg     . . .     Spirit   .   a - +0 robe
rPois    .         Reflect  .   (no helmet)
rElec    .         Harm     .   (no cloak)
rCorr    .         Rampage  .   (no gloves)
Will     .....                  (no boots)
Stlth    ++........             (no amulet)
HPRegen  0.03/turn              (no ring)
MPRegen  0.10/turn              (no ring)

@: no status effects
A: no striking features
a: no special abilities


You were on level 3 of the Dungeon.
You visited 1 branch of the dungeon, and saw 3 of its levels.

Inventory:

Armour
 a - a +0 robe (worn)


   Skills:
 + Level 2.4 Dodging
 + Level 2.5 Stealth
 + Level 3.0 Spellcasting
 + Level 4.4 Summonings


You had 5 spell levels left.
You knew the following spells:

 Your Spells              Type           Power      Damage    Failure   Level
a - Summon Small Mammal   Summ           76%        N/A       2%          1

Your spell library contained the following spells:

 Spells                   Type           Power      Damage    Failure   Level
 Call Imp                 Summ           19%        N/A       3%          2
 Call Canine Familiar     Summ           19%        N/A       8%          3
 Beastly Appendage        Tmut           4%         N/A       16%         1
 Summon Guardian Golem    Hex/Summ       11%        N/A       19%         3
 Wereblood                Tmut           2%         N/A       22%         2
 Spider Form              Tmut/Pois      1%         N/A       41%         3
 Summon Lightning Spire   Summ/Air       11%        N/A       52%         4


Dungeon Overview and Level Annotations

Branches:
Dungeon (3/15)

Altars:


Message History

The hobgoblin barely misses your bat.
Your bat hits the hobgoblin but does no damage.
The hobgoblin misses your bat. The worm barely misses you.
Your bat hits the hobgoblin but does no damage.
The hobgoblin completely misses your bat.
Found 6 gold pieces.
There is a stone staircase leading down here.
You climb downwards.
There is a stone staircase leading up here.
Magic restored.
The worm barely misses you.
You climb upwards.
There is a stone staircase leading down here.
You climb downwards.
There is a stone staircase leading up here.
Casting: Summon Small Mammal (safe; 2% risk of failure)
Confirm with . or Enter, or press ? or * to list all spells.
The worm bites you.
* * * LOW HITPOINT WARNING * * *
Your quokka bites the worm.
Your quokka bites the worm but does no damage.
Your quokka bites the worm.
Found a stone staircase leading down.
Your quokka bites the worm.
Your quokka bites the worm.
An adder comes into view.
Your quokka bites the worm.
Your quokka bites the worm.
Casting: Summon Small Mammal (safe; 2% risk of failure)
Confirm with . or Enter, or press ? or * to list all spells.
Your quokka bites the worm but does no damage.
Your quokka barely misses the worm.
Your quokka bites the worm.
The worm bites your quokka.
Your quokka bites the worm. x2; Your quokka barely misses the worm.
Your quokka bites the worm.
The worm bites your quokka.
Your quokka dies!
Your quokka's corpse disappears in a puff of smoke!
Your quokka bites the worm.
Your quokka bites the worm.
Your quokka bites the worm.
The worm bites you!
Ouch! That really hurt!
You die...

.... #... #.####.#
###..##.###.....<#
....>.....wr.....#
#######.###.####.#
#...w.# #.# #.#
#.##### #.# #.#
#.# #.. ...
.######.##########
#.#
..........rw@....#
#.#
.#################
#.#


You could see a worm (ally target) and a friendly quokka (summoned).

Vanquished Creatures (collateral kills)
  An endoplasm (D:2)
  A giant cockroach (D:1)
2 creatures vanquished.

Notes
Turn   | Place    | Note
-------+----------+-------------------------------------------
     0 | D:1      | WhiteRaven the Deep Elf Summoner began the quest for the
                  | Orb.
     0 | D:1      | Reached XP level 1. HP: 10/10 MP: 6/6
   156 | D:2      | Found a faded altar of an unknown god.
   234 | D:3      | Mangled by a worm

Illustrated notes

Levels and vault maps discovered:
D:1:      elethiomel_arrival_infinity_welcomes_careful_drivers, layout_basic,
          serial_shops, nicolae_shop_waterfront
D:2:      layout_loops_ring, basic_ecumenical_altar
D:3:      layout_basic, nicolae_overflow_quartered_altars,
          nicolae_vehumet_radiance, st_stairs_9, minmay_starry_boxes,
          uniq_grinder

Action                   || total
-------------------------++-------
Melee: Unarmed           ||     3
 Cast: Summon Small Mamm ||     5
Armor: Robe              ||     3
Dodge: Dodged            ||    15

Table legend: (Time is in decaauts)
 A = Elapsed time spent in this place.
 B = Non-inter-level travel time spent in this place.
 C = Inter-level travel time spent in this place.
 D = Time resting spent in this place.
 E = Time spent auto-exploring this place.
 F = Levels seen in this place.
 G = Mean time per level.
                   A        B        C        D        E       F      G
               +--------+--------+--------+--------+--------+-----+--------+
         Total |    234 |    234 |      0 |      0 |      0 |   3 |   78.0 |
       Dungeon |    234 |    234 |      0 |      0 |      0 |   3 |   78.0 |
               +--------+--------+--------+--------+--------+-----+--------+

Top non-repeatable levels by time:
     D:1: 156 daAuts
     D:3: 41 daAuts
     D:2: 37 daAuts
